 Dungeon Crawl Stone Soup version 0.17-a0-1174-ge06b3cc (webtiles) character file.

31 Hanyuu the Insei (level 3, 0/23 HPs)
             Began as an Octopode Transmuter on May 29, 2015.
             Slain by a rat (3 damage)
             ... on level 2 of the Dungeon.
             The game lasted 00:01:57 (1081 turns).

Hanyuu the Insei (Octopode Transmuter)              Turns: 1081, Time: 00:01:57

Health: 0/23       AC:  1    Str:  9    XL:     3   Next: 22%
Magic:  4/6        EV: 12    Int: 16    God:
Gold:   92         SH:  0    Dex: 12    Spells: 3 memorised, 0 levels left

rFire  + . .     SeeInvis .       - Unarmed
rCold  . . .     Clarity  .     (no shield)
rNeg   . . .     SustAt   .     (helmet restricted)
rPois  .         Gourm    .     (no amulet)
rElec  .         Spirit   .     e - ring of protection from cold
rCorr  .         Warding  .     l - ring of fire
rMut   .         Stasis   .     (no ring)
MR     .....                    (no ring)
Stlth  ++........               (no ring)
                                (no ring)
                                (no ring)
                                (no ring)

@: not resistant to hostile enchantments, unstealthy
A: almost no armour, amphibious, 8 rings, constrict 8, camouflage 1, gelatinous
body 1
a: no special abilities


You were on level 2 of the Dungeon.
You were hungry.

You visited 1 branch of the dungeon, and saw 2 of its levels.

You collected 92 gold pieces.

Inventory:

Missiles
 a - 12 arrows
 h - 5 javelins (quivered)
Jewellery
 e - a ring of protection from cold (left tentacle)
 l - a ring of fire (right tentacle)
Scrolls
 i - a scroll of teleportation {unknown}
Potions
 f - a potion of heal wounds {unknown}
 j - a potion of mutation {unknown}
Books
 b - a book of Changes

   Spells                             Type                      Level
   a - Beastly Appendage              Transmutation                1
   b - Sticks to Snakes               Transmutation                2
   c - Spider Form                    Transmutation/Poison         3
   d - Ice Form                       Ice/Transmutation            4
   e - Blade Hands                    Transmutation                5
Comestibles
 c - a bread ration
 d - a beef jerky
 g - a slice of pizza
 k - a chunk of flesh


   Skills:
 - Level 1.0 Fighting
 - Level 2.0 Dodging
 + Level 4.2 Unarmed Combat
 - Level 2.0 Spellcasting
 - Level 2.0 Transmutations
 + Level 0.2 Poison Magic


You couldn't memorise any spells.
You knew the following spells:

 Your Spells              Type           Power        Failure   Level  Hunger
a - Beastly Appendage     Trmt           #.....       10%         1    #......
b - Sticks to Snakes      Trmt           #.........   14%         2    ###....
c - Spider Form           Trmt/Pois      #.........   38%         3    ###....


Dungeon Overview and Level Annotations

Branches:
Dungeon (2/15)

Altars:


Innate Abilities, Weirdness & Mutations

You cannot wear most types of armour.
You are amphibious.
You can wear up to eight rings at the same time.
You can use your tentacles to constrict eight enemies at once.
Your skin changes colour to match your surroundings (Stealth).
Your rubbery body absorbs attacks (AC +1).


Message History

The worm is lightly wounded.
You hit the worm.
The worm looks even sicker.
The worm is lightly wounded.
The worm bites you!
You completely miss the worm.
The worm is lightly wounded.
You hit the worm.
The worm is moderately wounded.
The worm misses you.
You hit the worm.
The worm is severely wounded.
The worm bites you!
Ouch! That really hurt!
* * * LOW HITPOINT WARNING * * *
You kill the worm!
You hit the rat.
You kill the rat!
Your transformation has ended.
The rat bites you.
You die...

#.####....##.#
...#####....#
#####.#####%####
#............#
#............#
#............#
#............#
###########............#
.........r@............#
....%..†......^........#
............############
...[........#
#############


You could see a rat.

Vanquished Creatures
  An adder (D:2)
  A worm (D:2)
  3 bats (D:1)
  A hobgoblin (D:1)
  A ball python (D:1)
  A giant newt (D:1)
  4 goblins (D:1)
  3 kobolds
  8 rats
23 creatures vanquished.

Notes
Turn   | Place    | Note
--------------------------------------------------------------
     0 | D:1      | Hanyuu the Octopode Transmuter began the quest for the Orb.
     0 | D:1      | Reached XP level 1. HP: 13/13 MP: 3/3
   189 | D:1      | Reached XP level 2. HP: 12/18 MP: 5/5
   899 | D:2      | Reached skill level 4 in Unarmed Combat
   899 | D:2      | Reached XP level 3. HP: 11/23 MP: 4/6
  1046 | D:2      | Learned a level 2 spell: Sticks to Snakes
  1050 | D:2      | Learned a level 3 spell: Spider Form
  1081 | D:2      | Slain by a rat

Vault maps used:
D:1:      dpeg_arrival_signposts, st_stairs_7, minmay_shallow_snake_nest
D:2:      lemuel_doored_altar, first_bread, uniq_jessica,
          uniq_crazy_yiuf_cottage

Action                   || total
-------------------------++-------
Melee: Unarmed           ||    49
 Cast: Beastly Appendage ||     1
       Spider Form       ||     1
 Stab: Sleeping          ||     4
